 Dungeon Crawl Stone Soup version 0.17.1-1-g73c8601 (webtiles) character file.

56 topazwolf the Shooter (level 3, 0/29 HPs)
             Began as a Centaur Hunter on Feb 10, 2016.
             Slain by an orc
             ... wielding a +0 hand axe
              (3 damage)
             ... on level 3 of the Dungeon.
             The game lasted 00:14:20 (1902 turns).

topazwolf the Shooter (Centaur Hunter)              Turns: 1902, Time: 00:14:20

Health: 0/29       AC:  5    Str: 14    XL:     3   Next: 71%
Magic:  3/3        EV:  8    Int: 10    God:
Gold:   99         SH:  0    Dex: 10    Spells: 0 memorised, 2 levels left

rFire  . . .     SeeInvis .     k - +0 spear
rCold  . . .     Clarity  .     m - +0 ring mail
rNeg   + . .     SustAt   .     (no shield)
rPois  .         Gourm    .     (no helmet)
rElec  .         Spirit   .     (no cloak)
rCorr  .         Warding  .     (no gloves)
rMut   .         Stasis   .     (no barding)
MR     .....                    (no amulet)
Stlth  ..........               (no ring)
                                n - ring of positive energy

@: very slightly contaminated, hasted, invisible, very quick, not resistant to
hostile enchantments, extremely unstealthy
A: hooves 3, deformed body, speed 2, tough skin 3
a: no special abilities


You were on level 3 of the Dungeon.
You were not hungry.

You visited 1 branch of the dungeon, and saw 3 of its levels.

You collected 99 gold pieces.

Inventory:

Hand Weapons
 a - a +1 shortbow
 b - a +0 short sword
 k - a +0 spear (weapon)
 u - a +0 blowgun
Missiles
 d - 50 arrows (quivered)
 j - a javelin
 v - 16 poisoned needles
 x - 9 arrows of frost
Armour
 c - a +0 leather armour
 g - a +0 leather armour
 m - a +0 ring mail (worn)
 p - a +0 pair of boots
Jewellery
 n - a ring of positive energy (left hand)
Scrolls
 h - a scroll of fog
 i - a scroll of random uselessness
 o - 3 scrolls of identify
 r - a scroll of noise
 w - a scroll of teleportation {unknown}
Potions
 q - 2 potions of invisibility
Comestibles
 e - 3 bread rations
 l - 2 slices of pizza
 s - a meat ration


   Skills:
 + Level 2.0 Fighting
 + Level 6.5 Bows
 + Level 0.7 Armour
 + Level 1.8 Dodging
 + Level 0.6 Stealth


You had 2 spell levels left.
You didn't know any spells.

Dungeon Overview and Level Annotations

Branches:
Dungeon (3/15)

Altars:
Elyvilon
Yredelemnul


Innate Abilities, Weirdness & Mutations

You have hooves in place of feet.
Armour fits poorly on your strangely shaped body.
You cover ground very quickly.
You have extremely tough skin (AC +3).


Message History

The orc hits you.
* * * LOW HITPOINT WARNING * * *
Tossing away (i - inventory. (,) - cycle):
d - 51 arrows (quivered)
Press: ? - help, Shift-Dir - straight line, f/p - orc
Aim: an orc, wielding an enchanted hand axe You toss away an arrow.
The arrow misses the orc.
The arrow barely misses the orc.
The orc hits you but does no damage. The orc closely misses you. x2
You barely miss the orc. You kick the orc.
The orc is heavily wounded.
The orc hits you but does no damage.
You closely miss the orc. You kick the orc, but do no damage.
The orc is heavily wounded.
The orc hits you but does no damage. The orc hits you.
* * * LOW HITPOINT WARNING * * *
The orc closely misses you.
You hit the orc. Your kick misses the orc.
The orc is heavily wounded.
The orc closely misses you. The orc hits you with a hand axe.
You die...

######.##...# #.##...
#.##...# #†#....
#......# #...... #
####...# ###.#.... #.
#...# #...##... #..
#...#####.#.###.# .#(..
#.........#......
.....o##......#.......#.
(....oo@o.......#...####
.#....##o.......#...# #
.....(..........#...# #
##.#####...........<# #
#......###...# ########
#...# #...# ###


You could see 5 orcs.

Vanquished Creatures
  2 adders (D:2)
  A giant gecko (D:2)
  9 goblins
  5 hobgoblins
  A ball python (D:1)
  7 bats
  A giant newt (D:1)
  6 kobolds
  8 rats
40 creatures vanquished.

Notes
Turn   | Place    | Note
--------------------------------------------------------------
     0 | D:1      | topazwolf the Centaur Hunter began the quest for the Orb.
     0 | D:1      | Reached XP level 1. HP: 17/17 MP: 1/1
   250 | D:1      | Reached XP level 2. HP: 24/24 MP: 2/2
   670 | D:1      | Reached skill level 6 in Bows
   859 | D:2      | Reached XP level 3. HP: 26/29 MP: 3/3
   921 | D:2      | Found a white marble altar of Elyvilon.
  1163 | D:2      | Found a basalt altar of Yredelemnul.
  1902 | D:3      | Slain by an orc

Action                   || total
-------------------------++-------
Melee: Shortbow          ||     6
       Spear             ||    46
 Fire: Shortbow          ||    66
Throw: Javelin           ||     9
  Use: Potion            ||     5
       Scroll            ||    10
  Eat: Bread ration      ||     1
